[ AOE2 MATCH · #478631909 ]
UnrankedBohemians vs Malians
[ REPLAY ANALYSIS · EXTRACTED FROM THE RECORDED GAME ]
Feudal
11:03
Castle
14:33
Imperial
30:08
| APM avg | 63.3 |
| APM peak | 145 |
| eAPM avg | 31.2 |
| Villagers / military | 227 / 364 |
Focus
⚔️ 52.5% · 🌾 47.5%
Archer ×184 · Spearman ×109 · Bombard Cannon ×38 · Mangonel ×16 · Monk ×7 · Trebuchet (Packed) ×5
Feudal
10:37
Castle
14:20
Imperial
30:39
| APM avg | 52.6 |
| APM peak | 95 |
| eAPM avg | 27.6 |
| Villagers / military | 206 / 191 |
Focus
⚔️ 35.0% · 🌾 65.0%
Scout Cavalry ×77 · Skirmisher ×40 · Elephant Archer ×33 · Hand Cannoneer ×10 · Camel Scout ×8 · Shrivamsha Rider ×8
Feudal
11:47
Castle
15:59
Imperial
30:19
| APM avg | 36.1 |
| APM peak | 93 |
| eAPM avg | 20.5 |
| Villagers / military | 212 / 206 |
Focus
⚔️ 27.3% · 🌾 72.7%
Scout Cavalry ×154 · Skirmisher ×29 · Gbeto ×6 · Spearman ×6 · Mangonel ×4 · Bombard Cannon ×4
Feudal
11:26
Castle
15:25
Imperial
27:33
| APM avg | 39.1 |
| APM peak | 100 |
| eAPM avg | 22.2 |
| Villagers / military | 175 / 382 |
Focus
⚔️ 54.4% · 🌾 45.6%
Skirmisher ×183 · Archer ×71 · Hand Cannoneer ×54 · Spearman ×42 · Bombard Cannon ×32
Match map
Initial resources + every placement click. Lines = walls · curves = elevation contours. ◆ gold · ⬟ stone · ● berries · ✦ relic · ◌ wall gap
Your base· ✓ Closed at 14:33 · 11t walls · 4 gate(s)
FreeNicov!'s base· ✓ Closed at 14:20 · 5t walls · 5 gate(s)
ET | TheOnlyNarwhal's base· ✓ Closed at 15:59 · 0t walls · 2 gate(s)
Burtus Khan's base· ✓ Closed at 15:25 · 0t walls · 2 gate(s)
Smoothed initial terrain · ◌ = detected wall gap · hover for details
Inputs per minute
— LMC | Bartolomee123 - - FreeNicov!
Build order — LMC | Bartolomee123
First 150 of 832 actions detected
| 0:02 | Queue | Villager (Male) |
| 0:02 | Queue | Villager (Male) |
| 0:02 | Queue | Villager (Male) |
| 0:02 | Queue | Villager (Male) |
| 0:03 | Build | House |
| 0:05 | Build | House |
| 1:26 | Queue | Villager (Male) |
| 1:27 | Queue | Villager (Male) |
| 2:01 | Build | Lumber Camp |
| 2:01 | Queue | Villager (Male) |
| 2:01 | Queue | Villager (Male) |
| 2:18 | Queue | Villager (Male) |
| 2:18 | Queue | Villager (Male) |
| 2:49 | Queue | Villager (Male) |
| 2:50 | Queue | Villager (Male) |
| 3:04 | Queue | Villager (Male) |
| 3:05 | Queue | Villager (Male) |
| 3:27 | Build | House |
| 3:38 | Queue | Villager (Male) |
| 3:38 | Queue | Villager (Male) |
| 3:57 | Build | Palisade Wall |
| 3:59 | Build | Palisade Wall |
| 4:03 | Build | Palisade Wall |
| 4:06 | Build | Palisade Gate |
| 4:08 | Queue | Villager (Male) |
| 4:08 | Queue | Villager (Male) |
| 4:13 | Build | Palisade Gate |
| 4:17 | Build | Palisade Wall |
| 4:22 | Build | Palisade Wall |
| 4:29 | Build | Palisade Wall |
| 4:30 | Build | Palisade Wall |
| 4:33 | Queue | Villager (Male) |
| 4:34 | Build | Palisade Wall |
| 4:35 | Queue | Villager (Male) |
| 4:35 | Queue | Villager (Male) |
| 4:39 | Build | Palisade Wall |
| 4:41 | Build | Palisade Wall |
| 4:45 | Build | Palisade Wall |
| 4:51 | Queue | Villager (Male) |
| 5:18 | Queue | Villager (Male) |
| 5:19 | Queue | Villager (Male) |
| 5:25 | Build | Mill |
| 5:39 | Queue | Villager (Male) |
| 5:39 | Queue | Villager (Male) |
| 5:39 | Queue | Villager (Male) |
| 6:24 | Build | House |
| 6:24 | Queue | Villager (Male) |
| 6:24 | Queue | Villager (Male) |
| 6:29 | Queue | Villager (Male) |
| 6:43 | Queue | Villager (Male) |
| 6:44 | Queue | Villager (Male) |
| 7:16 | Queue | Villager (Male) |
| 7:29 | Build | House |
| 7:48 | Build | Farm |
| 7:48 | Build | Farm |
| 7:50 | Build | Farm |
| 8:32 | Build | Mining Camp |
| 8:49 | Research | Feudal Age |
| 10:50 | Queue | Villager (Male) |
| 10:50 | Queue | Villager (Male) |
| 11:03 | Age | Feudal Age |
| 11:04 | Build | Market |
| 11:05 | Build | Blacksmith |
| 11:32 | Build | Farm |
| 11:34 | Build | Farm |
| 11:38 | Build | Farm |
| 11:43 | Build | House |
| 11:53 | Research | Castle Age |
| 11:53 | Research | Castle Age |
| 12:46 | Research | Double-Bit Axe |
| 12:46 | Research | Double-Bit Axe |
| 12:58 | Research | Horse Collar |
| 12:58 | Research | Horse Collar |
| 13:31 | Build | House |
| 14:21 | Queue | Villager (Male) |
| 14:33 | Age | Castle Age |
| 14:37 | Build | Monastery |
| 14:40 | Research | Bow Saw |
| 14:40 | Research | Bow Saw |
| 14:45 | Build | Town Center |
| 14:56 | Queue | Villager (Male) |
| 15:06 | Queue | Villager (Male) |
| 15:20 | Queue | Monk |
| 15:24 | Build | Farm |
| 15:29 | Build | Farm |
| 15:30 | Queue | Villager (Male) |
| 15:44 | Queue | Villager (Male) |
| 15:54 | Build | Town Center |
| 15:56 | Queue | Monk |
| 15:57 | Queue | Villager (Male) |
| 16:01 | Queue | Villager (Male) |
| 16:15 | Queue | Villager (Male) |
| 16:30 | Research | Fervor |
| 16:31 | Queue | Villager (Male) |
| 16:34 | Build | Farm |
| 16:35 | Build | Farm |
| 16:39 | Queue | Villager (Male) |
| 16:42 | Queue | Villager (Male) |
| 16:42 | Queue | Villager (Male) |
| 16:45 | Build | Farm |
| 17:01 | Queue | Villager (Male) |
| 17:01 | Queue | Villager (Male) |
| 17:08 | Queue | Monk |
| 17:16 | Build | House |
| 17:17 | Build | House |
| 17:18 | Queue | Villager (Male) |
| 17:19 | Queue | Villager (Male) |
| 18:15 | Queue | Villager (Male) |
| 18:15 | Queue | Villager (Male) |
| 18:15 | Queue | Villager (Male) |
| 18:21 | Queue | Villager (Male) |
| 18:28 | Queue | Monk |
| 18:29 | Queue | Villager (Male) |
| 18:34 | Build | House |
| 18:35 | Build | House |
| 18:35 | Build | House |
| 18:45 | Build | Mining Camp |
| 18:48 | Build | Farm |
| 18:48 | Build | Farm |
| 18:49 | Build | Farm |
| 18:49 | Build | Farm |
| 18:49 | Build | Farm |
| 18:57 | Build | House |
| 18:59 | Queue | Villager (Male) |
| 19:06 | Build | House |
| 19:09 | Build | Stone Wall |
| 19:23 | Build | Mining Camp |
| 19:29 | Queue | Villager (Male) |
| 19:30 | Queue | Villager (Male) |
| 19:44 | Build | Farm |
| 19:44 | Build | Farm |
| 19:45 | Build | Farm |
| 19:45 | Build | Farm |
| 19:45 | Build | Farm |
| 19:45 | Build | Farm |
| 19:46 | Build | Farm |
| 19:46 | Build | Farm |
| 19:51 | Build | Farm |
| 19:54 | Queue | Villager (Male) |
| 19:55 | Queue | Villager (Male) |
| 19:59 | Queue | Villager (Male) |
| 19:59 | Queue | Villager (Male) |
| 20:16 | Build | Siege Workshop |
| 20:24 | Queue | Villager (Male) |
| 20:25 | Queue | Villager (Male) |
| 20:43 | Queue | Villager (Male) |
| 20:43 | Queue | Villager (Male) |
| 20:51 | Build | Farm |
| 20:52 | Build | Farm |
| 20:52 | Build | Farm |
Build order — FreeNicov!
First 150 of 625 actions detected
| 0:01 | Queue | Villager (Male) |
| 0:02 | Queue | Villager (Male) |
| 0:02 | Queue | Villager (Male) |
| 0:02 | Queue | Villager (Male) |
| 0:03 | Build | House |
| 0:04 | Build | House |
| 1:06 | Build | Mill |
| 1:37 | Queue | Villager (Male) |
| 1:37 | Queue | Villager (Male) |
| 2:08 | Queue | Villager (Male) |
| 2:08 | Queue | Villager (Male) |
| 2:15 | Build | Palisade Gate |
| 2:18 | Build | Palisade Gate |
| 2:31 | Queue | Villager (Male) |
| 2:38 | Build | Palisade Wall |
| 2:41 | Build | Palisade Wall |
| 2:43 | Build | Palisade Wall |
| 2:47 | Build | Palisade Wall |
| 2:49 | Build | Palisade Wall |
| 2:59 | Queue | Villager (Male) |
| 2:59 | Queue | Villager (Male) |
| 3:18 | Queue | Villager (Male) |
| 3:47 | Queue | Villager (Male) |
| 4:10 | Queue | Villager (Male) |
| 4:11 | Build | House |
| 4:36 | Queue | Villager (Male) |
| 5:01 | Queue | Villager (Male) |
| 5:11 | Build | Lumber Camp |
| 5:32 | Queue | Villager (Male) |
| 5:51 | Queue | Villager (Male) |
| 6:18 | Queue | Villager (Male) |
| 6:23 | Build | House |
| 6:46 | Queue | Villager (Male) |
| 6:46 | Queue | Villager (Male) |
| 7:36 | Queue | Villager (Male) |
| 7:43 | Build | Mining Camp |
| 7:54 | Queue | Villager (Male) |
| 8:00 | Queue | Villager (Male) |
| 8:27 | Research | Feudal Age |
| 8:27 | Research | Feudal Age |
| 9:12 | Build | House |
| 9:13 | Build | Barracks |
| 10:16 | Queue | Villager (Male) |
| 10:16 | Research | Loom |
| 10:37 | Age | Feudal Age |
| 10:41 | Build | Market |
| 10:42 | Build | Stable |
| 11:40 | Research | Castle Age |
| 11:48 | Research | Horse Collar |
| 11:51 | Build | Farm |
| 12:05 | Build | Farm |
| 12:23 | Build | Farm |
| 12:51 | Queue | Scout Cavalry |
| 12:55 | Build | Farm |
| 12:57 | Build | Farm |
| 13:11 | Build | Farm |
| 13:23 | Build | Farm |
| 13:25 | Queue | Scout Cavalry |
| 13:32 | Queue | Camel Scout |
| 13:43 | Research | Double-Bit Axe |
| 14:01 | Build | House |
| 14:05 | Queue | Scout Cavalry |
| 14:20 | Age | Castle Age |
| 14:22 | Queue | Villager (Male) |
| 14:35 | Queue | Villager (Male) |
| 14:50 | Queue | Villager (Male) |
| 15:00 | Build | Town Center |
| 15:10 | Queue | Villager (Male) |
| 15:25 | Queue | Shrivamsha Rider |
| 15:44 | Queue | Villager (Male) |
| 15:44 | Queue | Villager (Male) |
| 16:14 | Queue | Villager (Male) |
| 16:15 | Queue | Villager (Male) |
| 16:18 | Build | Farm |
| 16:22 | Build | Farm |
| 16:23 | Build | Farm |
| 16:24 | Build | Farm |
| 16:36 | Build | Monastery |
| 16:52 | Queue | Shrivamsha Rider |
| 17:00 | Build | Farm |
| 17:08 | Queue | Villager (Male) |
| 17:09 | Queue | Villager (Male) |
| 17:33 | Queue | Shrivamsha Rider |
| 17:58 | Queue | Villager (Male) |
| 17:58 | Queue | Villager (Male) |
| 18:00 | Build | House |
| 18:00 | Build | House |
| 18:19 | Queue | Villager (Male) |
| 18:20 | Research | Town Watch |
| 18:20 | Research | Town Watch |
| 18:22 | Build | House |
| 18:22 | Build | House |
| 18:36 | Build | Farm |
| 18:39 | Build | Town Center |
| 18:55 | Queue | Villager (Male) |
| 18:56 | Queue | Villager (Male) |
| 19:00 | Build | Farm |
| 19:11 | Queue | Villager (Male) |
| 19:26 | Queue | Monk |
| 19:33 | Queue | Villager (Male) |
| 19:39 | Queue | Villager (Male) |
| 19:39 | Queue | Villager (Male) |
| 19:41 | Build | Farm |
| 20:07 | Queue | Villager (Male) |
| 20:07 | Queue | Villager (Male) |
| 20:08 | Build | Farm |
| 20:19 | Queue | Villager (Male) |
| 20:21 | Build | Blacksmith |
| 20:21 | Queue | Villager (Male) |
| 20:23 | Build | Farm |
| 20:23 | Build | Farm |
| 20:23 | Build | Farm |
| 20:29 | Queue | Villager (Male) |
| 20:48 | Queue | Villager (Male) |
| 20:48 | Queue | Villager (Male) |
| 20:51 | Build | Farm |
| 20:52 | Build | Farm |
| 20:58 | Queue | Monk |
| 21:04 | Queue | Villager (Male) |
| 21:04 | Queue | Villager (Male) |
| 21:09 | Build | Farm |
| 21:18 | Queue | Villager (Male) |
| 21:18 | Queue | Villager (Male) |
| 21:20 | Build | Farm |
| 21:43 | Build | Farm |
| 21:43 | Queue | Villager (Male) |
| 21:43 | Queue | Villager (Male) |
| 21:47 | Queue | Camel Scout |
| 21:49 | Build | House |
| 21:50 | Build | House |
| 22:12 | Queue | Villager (Male) |
| 22:13 | Research | Wheelbarrow |
| 22:13 | Research | Wheelbarrow |
| 22:17 | Build | Farm |
| 22:19 | Build | Lumber Camp |
| 22:23 | Build | Farm |
| 22:26 | Build | Mining Camp |
| 22:35 | Build | Farm |
| 22:36 | Build | Farm |
| 22:46 | Queue | Villager (Male) |
| 22:48 | Research | Bloodlines |
| 22:50 | Queue | Monk |
| 23:16 | Queue | Villager (Male) |
| 23:32 | Queue | Villager (Male) |
| 23:32 | Research | Hand Cart |
| 23:33 | Research | Hand Cart |
| 23:33 | Queue | Villager (Male) |
| 23:34 | Queue | Villager (Male) |
| 23:37 | Build | Mining Camp |
| 24:19 | Queue | Villager (Male) |
Build order — ET | TheOnlyNarwhal
First 150 of 601 actions detected
| 0:01 | Queue | Villager (Male) ×4 |
| 0:02 | Build | House |
| 0:04 | Build | House |
| 1:28 | Queue | Villager (Male) |
| 1:29 | Queue | Villager (Male) |
| 1:51 | Build | Lumber Camp |
| 2:05 | Queue | Villager (Male) |
| 2:05 | Queue | Villager (Male) |
| 2:23 | Queue | Villager (Male) |
| 2:23 | Queue | Villager (Male) |
| 2:55 | Queue | Villager (Male) |
| 2:55 | Queue | Villager (Male) |
| 3:14 | Queue | Villager (Male) |
| 3:31 | Build | House |
| 3:33 | Build | Mill |
| 3:45 | Queue | Villager (Male) |
| 3:45 | Queue | Villager (Male) |
| 4:08 | Queue | Villager (Male) |
| 4:08 | Queue | Villager (Male) |
| 4:31 | Queue | Villager (Male) |
| 4:31 | Queue | Villager (Male) |
| 4:59 | Queue | Villager (Male) |
| 4:59 | Queue | Villager (Male) |
| 5:26 | Queue | Villager (Male) ×3 |
| 5:26 | Queue | Villager (Male) ×3 |
| 6:24 | Build | House |
| 6:34 | Queue | Villager (Male) |
| 6:52 | Queue | Villager (Male) |
| 7:04 | Queue | Villager (Male) |
| 7:19 | Queue | Villager (Male) |
| 7:35 | Queue | Villager (Male) |
| 8:26 | Build | Mining Camp |
| 8:40 | Queue | Villager (Male) |
| 8:44 | Build | House |
| 9:03 | Build | Mining Camp |
| 9:08 | Queue | Villager (Male) |
| 9:31 | Research | Feudal Age |
| 9:42 | Build | Farm |
| 9:44 | Build | Farm |
| 9:48 | Build | Farm |
| 10:37 | Queue | Villager (Male) |
| 10:37 | Queue | Villager (Male) |
| 10:42 | Build | Farm |
| 11:42 | Build | Farm |
| 11:47 | Age | Feudal Age |
| 11:57 | Build | Market |
| 12:00 | Build | Blacksmith |
| 12:38 | Research | Loom |
| 13:13 | Build | Barracks |
| 13:19 | Research | Castle Age |
| 13:31 | Research | Double-Bit Axe |
| 13:37 | Build | House |
| 14:05 | Queue | Spearman |
| 14:22 | Queue | Spearman |
| 14:49 | Queue | Spearman |
| 15:33 | Queue | Spearman |
| 15:34 | Queue | Villager (Male) |
| 15:51 | Queue | Villager (Male) |
| 15:59 | Age | Castle Age |
| 16:02 | Build | House |
| 16:10 | Queue | Spearman |
| 16:40 | Queue | Villager (Male) |
| 16:42 | Queue | Spearman |
| 16:55 | Build | Castle |
| 17:04 | Queue | Villager (Male) |
| 17:10 | Build | Town Center |
| 17:33 | Queue | Villager (Male) |
| 18:17 | Queue | Villager (Male) |
| 18:18 | Queue | Villager (Male) |
| 18:34 | Build | Lumber Camp |
| 18:46 | Build | Farm |
| 18:46 | Build | Farm |
| 18:46 | Build | Farm |
| 18:46 | Build | Farm |
| 18:47 | Queue | Villager (Male) |
| 18:48 | Queue | Villager (Male) |
| 18:48 | Queue | Villager (Male) |
| 18:56 | Queue | Gbeto |
| 18:56 | Queue | Gbeto |
| 19:04 | Build | Farm |
| 19:22 | Build | Monastery |
| 19:32 | Queue | Villager (Male) |
| 19:37 | Queue | Villager (Male) |
| 20:00 | Build | House |
| 20:10 | Build | House |
| 20:12 | Build | House |
| 20:15 | Build | House |
| 20:18 | Queue | Villager (Male) ×2 |
| 20:19 | Queue | Villager (Male) ×2 |
| 20:44 | Queue | Monk |
| 20:50 | Build | Farm |
| 20:51 | Build | Farm |
| 20:53 | Build | Farm |
| 21:01 | Queue | Villager (Male) ×2 |
| 21:01 | Queue | Villager (Male) ×2 |
| 21:24 | Build | Farm |
| 21:26 | Build | Farm |
| 21:28 | Queue | Monk |
| 21:30 | Queue | Villager (Male) |
| 21:31 | Queue | Villager (Male) |
| 21:36 | Build | Farm |
| 21:37 | Queue | Villager (Male) |
| 21:38 | Queue | Villager (Male) |
| 21:39 | Queue | Monk |
| 21:51 | Queue | Villager (Male) |
| 21:52 | Queue | Villager (Male) |
| 22:19 | Build | Farm |
| 22:20 | Queue | Villager (Male) ×2 |
| 22:20 | Queue | Villager (Male) ×2 |
| 22:24 | Queue | Gbeto |
| 22:28 | Build | Siege Workshop |
| 22:30 | Queue | Villager (Male) |
| 22:30 | Queue | Villager (Male) |
| 22:43 | Build | Farm |
| 22:44 | Build | Farm |
| 22:45 | Build | Farm |
| 22:47 | Build | Farm |
| 22:59 | Build | Farm |
| 23:13 | Queue | Villager (Male) ×3 |
| 23:13 | Queue | Villager (Male) ×3 |
| 23:14 | Build | Farm |
| 23:21 | Queue | Villager (Male) |
| 23:22 | Queue | Villager (Male) |
| 23:24 | Queue | Mangonel |
| 23:44 | Queue | Villager (Male) ×2 |
| 23:50 | Build | Farm |
| 23:50 | Build | Farm |
| 24:28 | Queue | Mangonel |
| 24:29 | Queue | Villager (Male) ×5 |
| 24:42 | Research | Horse Collar |
| 24:45 | Queue | Villager (Male) |
| 24:48 | Build | Farm |
| 24:51 | Build | Farm |
| 25:09 | Build | Farm |
| 25:09 | Build | Farm |
| 25:10 | Build | Farm |
| 25:10 | Build | Farm |
| 25:31 | Queue | Mangonel |
| 25:35 | Build | Farm |
| 25:41 | Queue | Villager (Male) |
| 25:41 | Queue | Villager (Male) |
| 25:49 | Queue | Mangonel |
| 25:51 | Queue | Villager (Male) |
| 26:02 | Queue | Villager (Male) |
| 26:23 | Queue | Villager (Male) |
| 26:40 | Build | Stable |
| 26:48 | Queue | Gbeto |
| 26:48 | Queue | Gbeto |
| 26:48 | Queue | Gbeto |
| 26:57 | Queue | Villager (Male) |
Build order — Burtus Khan
First 150 of 739 actions detected
| 0:00 | Queue | Villager (Male) |
| 0:01 | Queue | Villager (Male) |
| 0:02 | Build | House |
| 0:04 | Build | House |
| 0:15 | Queue | Villager (Male) |
| 0:17 | Queue | Villager (Male) |
| 1:23 | Queue | Villager (Male) |
| 1:47 | Build | Lumber Camp |
| 1:58 | Queue | Villager (Male) |
| 2:22 | Queue | Villager (Male) |
| 2:42 | Queue | Villager (Male) |
| 3:05 | Queue | Villager (Male) |
| 3:43 | Queue | Villager (Male) |
| 3:52 | Build | House |
| 4:10 | Queue | Villager (Male) |
| 4:25 | Build | House |
| 4:41 | Queue | Villager (Male) |
| 4:50 | Build | House |
| 4:57 | Queue | Villager (Male) |
| 5:20 | Queue | Villager (Male) |
| 5:28 | Build | Mill |
| 5:55 | Queue | Villager (Male) |
| 5:57 | Queue | Villager (Male) |
| 6:17 | Build | Mill |
| 6:18 | Queue | Villager (Male) |
| 6:48 | Queue | Villager (Male) |
| 7:21 | Queue | Villager (Male) |
| 7:40 | Build | Farm |
| 7:45 | Queue | Villager (Male) |
| 7:55 | Queue | Villager (Male) |
| 8:09 | Build | Mining Camp |
| 8:46 | Queue | Villager (Male) |
| 9:05 | Research | Feudal Age |
| 9:48 | Queue | Villager (Male) |
| 9:48 | Queue | Villager (Male) |
| 10:16 | Build | Farm |
| 10:18 | Build | Farm |
| 10:21 | Build | Farm |
| 10:35 | Build | Farm |
| 11:26 | Age | Feudal Age |
| 11:29 | Build | Market |
| 11:35 | Build | Blacksmith |
| 12:18 | Queue | Villager (Male) |
| 12:45 | Research | Castle Age |
| 13:08 | Build | Farm |
| 13:31 | Build | House |
| 13:43 | Research | Double-Bit Axe |
| 13:45 | Research | Horse Collar |
| 13:52 | Build | Farm |
| 13:53 | Build | Farm |
| 14:14 | Queue | Villager (Male) |
| 15:25 | Age | Castle Age |
| 15:30 | Build | Town Center |
| 15:36 | Build | Town Center |
| 15:38 | Research | Bow Saw |
| 15:41 | Research | Heavy Plow |
| 15:42 | Queue | Villager (Male) |
| 15:54 | Queue | Villager (Male) |
| 16:12 | Build | Farm |
| 16:20 | Queue | Villager (Male) |
| 16:33 | Queue | Villager (Male) |
| 16:38 | Build | Farm |
| 16:43 | Queue | Villager (Male) |
| 16:49 | Build | Farm |
| 16:50 | Queue | Villager (Male) |
| 16:51 | Queue | Villager (Male) |
| 16:52 | Queue | Villager (Male) |
| 17:03 | Build | Farm |
| 17:07 | Build | Farm |
| 17:08 | Queue | Villager (Male) |
| 17:10 | Build | Farm |
| 17:24 | Queue | Villager (Male) |
| 17:28 | Build | Farm |
| 17:30 | Build | Farm |
| 17:31 | Queue | Villager (Male) |
| 17:33 | Build | Farm |
| 17:39 | Queue | Villager (Male) |
| 17:56 | Queue | Villager (Male) |
| 17:59 | Build | Farm |
| 18:00 | Build | Farm |
| 18:04 | Queue | Villager (Male) |
| 18:08 | Build | Farm |
| 18:12 | Build | House |
| 18:14 | Build | House |
| 18:17 | Queue | Villager (Male) |
| 18:21 | Queue | Villager (Male) |
| 18:24 | Build | Farm |
| 18:25 | Queue | Villager (Male) |
| 18:28 | Build | Farm |
| 18:51 | Build | House |
| 18:55 | Build | Farm |
| 18:58 | Queue | Villager (Male) |
| 19:00 | Build | Farm |
| 19:03 | Research | Wheelbarrow |
| 19:05 | Queue | Villager (Male) |
| 19:12 | Build | House |
| 19:14 | Queue | Villager (Male) |
| 19:28 | Queue | Villager (Male) |
| 19:30 | Build | Farm |
| 19:31 | Build | Farm |
| 19:32 | Queue | Villager (Male) |
| 19:34 | Build | Farm |
| 19:35 | Queue | Villager (Male) |
| 19:36 | Queue | Villager (Male) |
| 19:45 | Build | Farm |
| 19:58 | Queue | Villager (Male) |
| 20:01 | Build | Farm |
| 20:02 | Queue | Villager (Male) |
| 20:05 | Build | House |
| 20:05 | Build | House |
| 20:07 | Queue | Villager (Male) |
| 20:08 | Queue | Villager (Male) |
| 20:17 | Build | Outpost |
| 20:25 | Build | Outpost |
| 20:31 | Research | Loom |
| 20:33 | Research | Town Watch |
| 20:34 | Queue | Villager (Male) |
| 20:44 | Build | Town Center |
| 20:47 | Queue | Villager (Male) |
| 20:47 | Queue | Villager (Male) |
| 20:48 | Build | Farm |
| 20:53 | Queue | Villager (Male) |
| 21:03 | Queue | Villager (Male) |
| 21:07 | Build | Farm |
| 21:22 | Build | Farm |
| 21:22 | Queue | Villager (Male) |
| 21:24 | Build | Farm |
| 21:25 | Queue | Villager (Male) |
| 21:27 | Build | Farm |
| 21:28 | Queue | Villager (Male) |
| 21:32 | Build | Farm |
| 21:42 | Build | Outpost |
| 21:49 | Queue | Villager (Male) |
| 21:51 | Build | Farm |
| 21:55 | Build | Farm |
| 21:56 | Queue | Villager (Male) |
| 21:58 | Build | Farm |
| 22:01 | Queue | Villager (Male) |
| 22:05 | Build | Farm |
| 22:07 | Queue | Villager (Male) |
| 22:15 | Queue | Villager (Male) |
| 22:16 | Queue | Villager (Male) |
| 22:30 | Queue | Villager (Male) |
| 22:37 | Queue | Villager (Male) |
| 22:40 | Build | House |
| 22:45 | Build | University |
| 22:52 | Queue | Villager (Male) |
| 22:57 | Build | Farm |
| 22:58 | Queue | Villager (Male) |
| 23:01 | Research | Gold Mining |
Match timeline
| 2:38 | FreeNicov! · wall_segment Palisade Wall x1 |
| 2:41 | FreeNicov! · wall_segment Palisade Wall x1 |
| 2:43 | FreeNicov! · wall_segment Palisade Wall x1 |
| 2:47 | FreeNicov! · wall_segment Palisade Wall x1 |
| 2:49 | FreeNicov! · wall_segment Palisade Wall x1 |
| 3:57 | LMC | Bartolomee123 · wall_segment Palisade Wall x1 |
| 3:59 | LMC | Bartolomee123 · wall_segment Palisade Wall x1 |
| 4:03 | LMC | Bartolomee123 · wall_segment Palisade Wall x1 |
| 4:17 | LMC | Bartolomee123 · wall_segment Palisade Wall x1 |
| 4:22 | LMC | Bartolomee123 · wall_segment Palisade Wall x1 |
| 4:29 | LMC | Bartolomee123 · wall_segment Palisade Wall x1 |
| 4:30 | LMC | Bartolomee123 · wall_segment Palisade Wall x1 |
| 4:34 | LMC | Bartolomee123 · wall_segment Palisade Wall x1 |
| 4:39 | LMC | Bartolomee123 · wall_segment Palisade Wall x1 |
| 4:41 | LMC | Bartolomee123 · wall_segment Palisade Wall x1 |
| 4:45 | LMC | Bartolomee123 · wall_segment Palisade Wall x1 |
| 9:13 | FreeNicov! · first_building Barracks |
| 10:37 | FreeNicov! · age_up feudal |
| 10:42 | FreeNicov! · first_building Stable |
| 11:03 | LMC | Bartolomee123 · age_up feudal |
| 11:26 | Burtus Khan · age_up feudal |
| 11:29 | FreeNicov! · first_market_sell 100 wood |
| 11:31 | FreeNicov! · first_market_buy 100 food |
| 11:47 | ET | TheOnlyNarwhal · age_up feudal |
| 13:13 | ET | TheOnlyNarwhal · first_building Barracks |
| 14:20 | FreeNicov! · age_up castle |
| 14:33 | LMC | Bartolomee123 · age_up castle |
| 14:37 | LMC | Bartolomee123 · first_building Monastery |
| 15:25 | Burtus Khan · age_up castle |
| 15:51 | LMC | Bartolomee123 · first_market_buy 100 wood |
| 15:59 | ET | TheOnlyNarwhal · age_up castle |
| 16:36 | FreeNicov! · first_building Monastery |
| 16:55 | ET | TheOnlyNarwhal · first_building Castle |
| 18:54 | ET | TheOnlyNarwhal · first_market_buy 100 food |
| 19:01 | LMC | Bartolomee123 · first_market_sell 100 wood |
| 19:09 | LMC | Bartolomee123 · wall_segment Stone Wall x1 |
| 19:22 | ET | TheOnlyNarwhal · first_building Monastery |
| 20:16 | LMC | Bartolomee123 · first_building Siege Workshop |
| 21:58 | LMC | Bartolomee123 · first_building Castle |
| 22:28 | ET | TheOnlyNarwhal · first_building Siege Workshop |
| 23:37 | Burtus Khan · first_building Monastery |
| 24:15 | Burtus Khan · first_building Siege Workshop |
| 24:33 | Burtus Khan · first_building Barracks |
| 25:59 | Burtus Khan · first_building Archery Range |
| 26:17 | FreeNicov! · first_building Siege Workshop |
| 26:40 | ET | TheOnlyNarwhal · first_building Stable |
| 27:01 | ET | TheOnlyNarwhal · first_market_sell 100 stone |
| 27:27 | LMC | Bartolomee123 · first_building Barracks |
| 27:33 | Burtus Khan · age_up imperial |
| 27:37 | FreeNicov! · first_building Archery Range |
| 28:13 | Burtus Khan · first_building Castle |
| 28:14 | LMC | Bartolomee123 · first_building Archery Range |
| 30:08 | LMC | Bartolomee123 · age_up imperial |
| 30:19 | ET | TheOnlyNarwhal · age_up imperial |
| 30:39 | FreeNicov! · age_up imperial |
| 31:44 | Burtus Khan · first_market_sell 100 wood |
| 34:09 | ET | TheOnlyNarwhal · first_building Archery Range |
| 35:40 | FreeNicov! · first_building Castle |
| 38:31 | LMC | Bartolomee123 · wall_segment Stone Wall x12 |
| 42:06 | ET | TheOnlyNarwhal · wall_segment Stone Wall x1 |
| 44:07 | Burtus Khan · tribute_sent a jugador 1 |
| 44:07 | Burtus Khan · tribute_sent a jugador 2 |
| 44:07 | Burtus Khan · tribute_sent a jugador 3 |
| 46:17 | LMC | Bartolomee123 · tribute_sent a jugador 1 |
| 46:17 | LMC | Bartolomee123 · tribute_sent a jugador 2 |
| 46:17 | LMC | Bartolomee123 · tribute_sent a jugador 4 |
| 49:41 | Burtus Khan · tribute_sent a jugador 1 |
| 49:41 | Burtus Khan · tribute_sent a jugador 2 |
| 49:41 | Burtus Khan · tribute_sent a jugador 3 |
| 56:35 | Burtus Khan · tribute_sent a jugador 1 |
| 56:35 | Burtus Khan · tribute_sent a jugador 2 |
| 56:35 | Burtus Khan · tribute_sent a jugador 3 |
| 59:23 | ET | TheOnlyNarwhal · resign |
[ AI ANALYSIS · 1 CREDIT ]
What really happened in this match?
Wolo.gg analyzes every decision: build order, eco, micro, common mistakes by bracket. Personalized analysis on WhatsApp or Discord in 30 seconds.
Civ guide
Bohemians
Perfil
Jugador #2270406